 Dungeon Crawl Stone Soup version 0.30.0-30-g96aa6591b8 (webtiles) character file.

Game seed: 5874213388413068376

27 GloriousHammer the Covered (level 2, 0/26 HPs)
             Began as an Armataur Fighter on July 1, 2023.
             Succumbed to a gnoll's poison
             ... on level 1 of the Dungeon.
             The game lasted 00:01:08 (245 turns).

GloriousHammer the Covered (Armataur Fighter)        Turns: 245, Time: 00:01:08

Health: 0/26       AC:  7    Str: 21    XL:     2   Next: 93%
Magic:  2/2        EV:  7    Int:  8    God:
Gold:   32         SH:  4    Dex:  9    Spells: 1/1 levels left

rFire   . . .        a - +0 flail
rCold   . . .        c - +0 buckler
rNeg    . . .        b - +0 scale mail
rPois   .            (no helmet)
rElec   .            (no cloak)
rCorr   .            (no gloves)
SInv    .            (no barding)
Will    .....        (no amulet) Stlth
                     (no ring)
HPRegen 0.24/turn    (no ring)
MPRegen 0.08/turn

%: roll
@: lethally poisoned (0 -> -11)
A: large, rugged brown scales 3, deformed body, armoured tail, roll, long
tongue, awkward tongue
a: no special abilities


You were on level 1 of the Dungeon.
You visited 1 branch of the dungeon, and saw 1 of its levels.

You collected 32 gold pieces.

Inventory:

Hand Weapons
 a - a +0 flail (weapon)
Armour
 b - a +0 scale mail (worn)
 c - a +0 buckler (worn)
Jewellery
 e - an amulet of magic regeneration
Scrolls
 f - a scroll of identify {unknown}
Potions
 d - a potion of might


   Skills:
 - Level 2.8 Fighting
 + Level 2.7 Maces & Flails
 - Level 3.8 Armour
 - Level 3.4 Shields


You had one spell level left.
You didn't know any spells.
Your spell library contained the following spells:

 Spells                   Type           Power      Damage    Failure   Level
 Gell's Gravitas          Tloc           0%         N/A       99%         3
 Portal Projectile        Hex/Tloc       0%         N/A       99%         3
 Teleport Other           Tloc           0%         N/A       99%         3
 Tukima's Dance           Hex            0%         N/A       99%         3
 Blade Hands              Tmut           0%         N/A       100%        5
 Dispersal                Tloc           0%         N/A       100%        6


Dungeon Overview and Level Annotations

Branches:
Dungeon (1/15)

Altars:


Innate Abilities, Weirdness & Mutations

You are completely covered in rugged brown scales. (AC +3, +7% HP)
Armour fits poorly on your strangely shaped body.
You have a long armoured tail.
You roll when moving toward enemies. (Rampage)
Your long tongue fully drains potion bottles. (2x potion effects)
Your tongue gives you trouble enunciating. (1.5x scroll delay)


Message History

g - Guard the area. f - Follow me.
Anything else - Cancel.
Okay, then.
You now have 19 gold pieces.
Found a stone staircase leading down.
There is a stone staircase leading down here.
e - an amulet of magic regeneration A goblin comes into view.
It is wielding a +0 club.
Found a There-And-Back Book.
The goblin shouts!
You roll towards the goblin!
You barely miss the goblin. The goblin closely misses you.
You closely miss the goblin. The goblin hits you but does no damage.
You barely miss the goblin.
The goblin hits you but does no damage. x2
You thump the goblin!
You kill the goblin!
Things that are here:
a +0 club; a goblin corpse
Found a scroll labelled CYMESI DEDITRA.
You see here a staff of conjuration.
f - a scroll labelled CYMESI DEDITRA You see here a staff of conjuration.
Things that are here:
a +0 club; a goblin corpse You pick up a There-And-Back Book and begin reading...
You add the spells Gell's Gravitas, Teleport Other and Dispersal to your library.
Found a club.
A hobgoblin comes into view.
The hobgoblin hits you but does no damage.
A hobgoblin is nearby!
You sock the hobgoblin!
You kill the hobgoblin!
A quokka and a dart slug come into view.
There are monsters nearby!
There are monsters nearby!
The dart slug launches a dart at you.
The slug dart hits you but does no damage.
The dart slug launches a dart at you. The slug dart misses you.
The quokka twitches its whiskers.
A ball python comes into view.
The ball python hisses angrily.
The dart slug bites you but does no damage.
You hit the dart slug.
The dart slug is heavily wounded.
The dart slug launches a dart at you.
The slug dart hits you but does no damage.
You thump the dart slug!
You kill the dart slug!
You hit the quokka.
Your tail-slap misses the quokka.
The quokka is heavily wounded.
The quokka bites you but does no damage.
The quokka bites you.
You sock the quokka!
You kill the quokka!
The ball python bites you but does no damage. x2
The ball python bites you but does no damage.
The ball python bites you but does no damage.
You barely miss the ball python. The ball python bites you.
The ball python bites you but does no damage.
You barely miss the ball python. The ball python bites you.
You hit the ball python.
You kill the ball python!
Your Maces & Flails skill increases to level 2!
You have reached level 2!
HP restored.
Found an escape hatch in the floor.
You see here a ball python corpse.
A frilled lizard comes into view.
The frilled lizard hisses angrily.
A frilled lizard is nearby!
A bat comes into view.
You roll towards the frilled lizard!
An endoplasm comes into view.
A bat comes into view.
The endoplasm quivers.
You barely miss the frilled lizard. The bat barely misses you.
The bat hits you. The frilled lizard barely misses you.
You hit the bat.
You kill the bat!
You block the frilled lizard's attack.
You see here a bat corpse.
You closely miss the frilled lizard. The frilled lizard closely misses you.
You block the frilled lizard's attack.
You hit the frilled lizard.
You kill the frilled lizard!
You block the bat's attack.
You roll towards the endoplasm!
Found a book of Weapons.
The bat hits you but does no damage. The endoplasm hits you.
You sock the endoplasm!
You kill the endoplasm!
The bat completely misses you. The bat hits you but does no damage.
The bat hits you but does no damage.
You closely miss the bat.
Your tail-slap misses the bat.
You block the bat's attack.
You roll towards the bat!
You barely miss the bat.
Your tail-slap misses the bat.
The bat hits you but does no damage. The bat hits you but does no damage.
The bat hits you but does no damage. x2
There is an escape hatch in the floor here.
You barely miss the bat. The bat barely misses you.
You roll towards the bat!
You closely miss the bat. The bat hits you but does no damage.
You closely miss the bat.
Your tail-slap misses the bat.
The bat hits you but does no damage.
You barely miss the bat.
Your tail-slap misses the bat.
The bat hits you but does no damage. The bat hits you but does no damage.
You closely miss the bat.
Your tail-slap misses the bat.
The bat hits you but does no damage. x2
You closely miss the bat.
Your tail-slap misses the bat.
The bat hits you but does no damage. The bat hits you but does no damage.
The bat completely misses you.
You sock the bat!
You kill the bat!
No target in view!
No target in view!
You pick up a book of Weapons and begin reading...
You add the spells Tukima's Dance, Portal Projectile and Blade Hands to your library.
Found a leather armour.
You see here a +0 leather armour.
A goblin comes into view. It is wielding a +0 dagger.
A goblin is nearby!
You roll towards the goblin!
You roll towards the goblin!
The goblin hits you with a +0 dagger.
You sock the goblin!
You kill the goblin!
Things that are here:
a +0 dagger; a goblin corpse An endoplasm comes into view.
Found a dagger.
The endoplasm quivers.
An endoplasm is nearby!
An endoplasm is nearby!
Found 13 gold pieces.
The endoplasm hits you but does no damage.
You hit the endoplasm. You tail-slap the endoplasm.
You kill the endoplasm!
You now have 32 gold pieces (gained 13).
A rat comes into view.
A rat is nearby!
A rat is nearby!
You roll towards the rat!
Found a pair of boots.
You roll towards the rat!
The rat bites you.
You closely miss the rat. The rat barely misses you.
You barely miss the rat. The rat bites you.
You hit the rat but do no damage. The rat bites you but does no damage.
The rat barely misses you.
You sock the rat!
You kill the rat!
A goblin comes into view. It is wielding a +0 dagger.
The goblin shouts!
You block the goblin's attack.
A gnoll comes into view. It is wielding a +0 spear of venom.
The goblin barely misses you. The gnoll closely misses you.
You see here a +0 pair of boots.
You closely miss the goblin. You tail-slap the goblin.
You kill the goblin!
The gnoll hits you but does no damage.
You are poisoned.
You feel sick.
You see here a +0 dagger.
Found 8 gold pieces.
You feel sick.
You feel sick.
You feel sick.
You feel sick.
You feel sick.
You feel sick.
You feel sick.
You are no longer poisoned.
You see here 8 gold pieces.
You roll towards the gnoll!
You hit the gnoll.
You tail-slap the gnoll, but do no damage.
The gnoll is lightly wounded.
The gnoll hits you with a +0 spear of venom.
You are poisoned.
The gnoll barely misses you.
You barely miss the gnoll.
The gnoll is lightly wounded.
You feel very sick. The gnoll barely misses you.
You hit the gnoll.
The gnoll is severely wounded.
You feel sick.
The gnoll hits you with a +0 spear of venom.
You are more poisoned.
You hit the gnoll.
The gnoll is severely wounded.
You feel very sick. The gnoll barely misses you.
The gnoll hits you with a +0 spear of venom.
* * * LOW HITPOINT WARNING * * *
You are more poisoned.
You sock the gnoll!
You kill the gnoll!
* * * LOW HITPOINT WARNING * * *
You feel very sick.
Okay, then.
Okay, then.
You die...

#.#...# #.###.# #.# #.#
#.# #.# #.# #.# #.# #.#
#.# #.# ####### #.# #.#
#.### #.. .. #.# #... #.#
.#
#.###.###.#####.##.##.##
#.....).......$)@......#
#####[#########...###....
#..g.# ###.# # ####.# #.#
# #.# #.# #.# #.#


There were no monsters in sight!

Vanquished Creatures
  A gnoll (D:1)
  A dart slug (D:1)
  A ball python (D:1)
  2 bats (D:1)
  2 endoplasms (D:1)
  3 goblins (D:1)
  A hobgoblin (D:1)
  A quokka (D:1)
  A frilled lizard (D:1)
  A rat (D:1)
14 creatures vanquished.

Notes
Turn   | Place    | Note
-------+----------+-------------------------------------------
     0 | D:1      | GloriousHammer the Armataur Fighter began the quest for the
                  | Orb.
     0 | D:1      | Reached XP level 1. HP: 19/19 MP: 1/1
   116 | D:1      | Reached XP level 2. HP: 24/26 MP: 2/2
   245 | D:1      | Succumbed to a gnoll's poison

Illustrated notes

Levels and vault maps discovered:
D:1:      dpeg_arrival_round_a, layout_loops_ring, minmay_bisected

Skill      XL: |  1 |
---------------+----+-----
Maces & Flails | 2 |  2.7
Fighting       | |  2.8
Armour         | |  3.8
Shields        | |  3.4

Action                     || total
---------------------------++-------
  Melee: Flail             ||    38
         Tailslap          ||     3
 Armour: Scale mail        ||    31
  Dodge: Dodged            ||    15
  Block: Buckler           ||     5
